Oof, chaotic male human Knight ------ --.--.-- |......--- --.......-- |-.......-- --..... --.........| |^..... |..........| -..--...... --..`.....-- -....... |.......-| ......<. |..[.....| .... ---.^---.-- |...-- --- ---*--. -...%. ..-.a. i.... ..- Oof the Bachelor Experience level: 6 Strength: 15 Dexterity: 9 Constitution: 15 Intelligence: 7 Wisdom: 15 Charisma: 18 Health: 0(56) Energy: 39(39) Def: 8 Gold: 31 Moves: 3411 Dungeon seed: z0WB2iaBRSjXVAOt Game ID: Oof_1597914809 Your Inventory: Coins $ - 31 gold pieces Weapons a - a +1 long sword (weapon in hand) b - a +1 lance (alternate weapon; not wielded) l - 21 +0 crossbow bolts L - a +0 crossbow Armor e - a blessed +1 ring mail (being worn) n - a blessed +0 helmet q - a blessed rotted +2 small shield (being worn) r - an uncursed rotted +0 pair of leather gloves (being worn) H - a cursed -1 helm of opposite alignment (being worn) P - an uncursed +0 pair of iron shoes (being worn) Y - an uncursed +0 dwarvish cloak (being worn) Comestibles d - 6 uncursed carrots f - an uncursed slime mold i - an uncursed food ration K - 2 uncursed cream pies Spellbooks M - an uncursed spellbook of healing Potions C - an uncursed potion of object detection J - a blessed potion of oil Rings o - a cursed ring of invisibility (on left hand) Wands k - a wand of polymorph (0:6) x - a wand of slow monster (0:5) Tools m - a magic marker (0:33) A - an uncursed stethoscope I - an uncursed oilskin sack O - an uncursed mirror Q - a +0 pick-axe S - an uncursed mirror U - an uncursed tin whistle V - an uncursed partly used tallow candle (lit) (0:179) Gems y - an uncursed jade stone z - 2 uncursed worthless pieces of red glass Spells and supernatural/magical abilities: Name Level Category Fail Memory h - healing 1 healing 100% 90% W - pray for help -- divine ? -- X - turn undead -- divine ? -- Y - supernatural jump -- ability ? -- Your skills at the end: Fighting Skills riding [Basic] Weapon Skills long sword [Basic] lance [Basic] Spellcasting Skills Final Attributes: You were piously aligned. You were invisible. You could jump. You could fly. You were riding your green dragon. You are dead. Vanquished creatures: a giant spider a gnome king 4 brown puddings a snake a fire ant a water nymph a pony a fog cloud 5 gnome lords 3 gnomish wizards a golden naga hatchling a straw golem a little dog 2 dwarves a giant bat a werejackal 2 hobbits a giant rat a green mold 20 gnomes 2 geckos 9 jackals a fox a kobold 3 goblins 6 sewer rats 3 grid bugs 2 bats 6 lichens 3 kobold zombies 9 newts 95 creatures vanquished. Voluntary challenges: You were vegetarian. You had been an atheist until turn 2514. You used a wielded weapon 104 times, starting on turn 2. You read items or engraved 6 times, starting on turn 655. You never genocided any monsters. You never polymorphed an object. You never changed form. You used no wishes. You split 4 puddings, starting on turn 3116. You never wrote Elbereth's name. You violated your moral code, losing 1 point of alignment, starting on turn 160. Dungeon overview: The Dungeons of Doom: levels 1 to 4 Level 1 a fountain a long staircase Level 2 a weapon shop Level 3 Level 4 a weapon shop, a sink stairs to The Gnomish Mines The Gnomish Mines: levels 5 to 9 Level 5 stairs to The Dungeons of Doom Level 7 many shops, a temple to Lugh, some fountains Level 8 Level 9 <- You were here History has recorded: On T:1 you entered the Dungeons of Doom to retrieve the Amulet of Yendor! On T:258 you reached level 2 of The Dungeons of Doom. On T:659 you advanced to experience level 2. On T:677 you advanced to experience level 3. On T:807 you reached level 3 of The Dungeons of Doom. On T:1385 you reached level 4 of The Dungeons of Doom. On T:1720 you reached level 1 of The Gnomish Mines. On T:1826 you advanced to experience level 4. On T:2405 you reached level 3 of The Gnomish Mines. On T:2424 you advanced to experience level 5. On T:2772 you reached level 4 of The Gnomish Mines. On T:3133 you advanced to experience level 6. On T:3243 you reached level 5 of The Gnomish Mines. Score breakdown: Gold: 31 ( 5120 points) Experience: 6 levels (12456 points) Exploration: 9 levels ( 18.75%) (12377 points) Discoveries: 8 items ( 3.25%) ( 5410 points) Valuables value: (no points given unless you survive) Artifact value: 0 ( 0 points) Variety of kills: 31 monsters ( 8.14%) ( 8557 points) Turncount: 3411 turns ( -789 points) Survival: died (score multiplied by 80%) Total score: 34504 Latest messages: You see here a green gem. (2x) You hit the gnome lord! The gnome lord turns to flee! The homunculus bumps right into you! The brown pudding bites! Your pair of leather gloves rots! The brown pudding divides as you hit it! You miss the brown pudding. You kill the brown pudding! The brown pudding bites! Your small shield rots! You miss the brown pudding. (2x) You kill the brown pudding! The fire ant bites! The fire ant misses. You miss the fire ant. The fire ant bites! (2x) You're on fire! You miss the fire ant. The fire ant bites! (2x) You hear crashing rock. The fire ant bites! (3x) You die... Final status: Fare thee well Oof the Knight, killed by a fire ant... You died in The Gnomish Mines on dungeon level 9 with 34504 points, and 31 pieces of gold, after 3411 moves. You were level 6 with a maximum of 56 hit points when you died.